 Dungeon Crawl Stone Soup version 0.30-a0-782-ge64f9170bb (webtiles) character file.

Game seed: 17823360876623028782

609 mopl the Vexing (level 7, 0/40 HPs)
             Began as a Deep Elf Enchanter on Mar 13, 2023.
             Slain by an ogre
             ... wielding a +0 giant club
              (16 damage)
             ... on level 4 of the Dungeon.
             The game lasted 00:06:40 (3251 turns).

mopl the Vexing (Deep Elf Enchanter)                Turns: 3251, Time: 00:06:40

Health: 0/40       AC:  4    Str: 11    XL:     7   Next: 19%
Magic:  1/17       EV: 12    Int: 22    God:
Gold:   243        SH:  0    Dex: 15    Spells: 5/16 levels left

rFire   + . .      SeeInvis .    a - +1 dagger (elec)
rCold   + + .      Faith    .    (no shield)
rNeg    . . .      Spirit   .    p - +0 robe {rC+}
rPois   .          Reflect  .    v - +0 helmet
rElec   .          Harm     .    k - scarf {rC+ rF+}
rCorr   .          Rampage  .    e - +0 pair of gloves
Will    .....                    (no boots)
Stlth   +++                      (no amulet)
HPRegen 0.26/turn                o - +6 ring of strength
MPRegen 0.15/turn                (no ring)

@: very slightly contaminated
A: no striking features
a: no special abilities


You were on level 4 of the Dungeon.
You visited 1 branch of the dungeon, and saw 5 of its levels.

You collected 243 gold pieces.

Inventory:

Hand Weapons
 a - a +1 dagger of electrocution (weapon)
 b - a +0 dagger of venom
Missiles
 z - 5 curare-tipped darts
Armour
 e - a +0 pair of gloves (worn)
 k - a scarf of resistance (worn)
 p - a +0 robe of cold resistance (worn)
 s - an orb of wrath
 v - a +0 helmet (worn)
Jewellery
 o - a +6 ring of strength (left hand)
Scrolls
 f - 9 scrolls of identify {unknown}
 h - a scroll of immolation {unknown}
 i - a scroll of amnesia {unknown}
 j - a scroll of noise {unknown}
 l - a scroll of enchant weapon {unknown}
 q - 2 scrolls of fog {unknown}
 t - a scroll of fear {unknown}
 y - a scroll of brand weapon {unknown}
Potions
 c - 2 potions of invisibility
 d - a potion of cancellation {unknown}
 g - a potion of might
 m - 3 potions of flight {unknown}
 n - 4 potions of curing {unknown}
 r - a potion of heal wounds {unknown}
 u - a potion of degeneration {unknown}
 w - 2 potions of resistance {unknown}
 x - a potion of attraction {unknown}


   Skills:
 + Level 2.3 Fighting
 + Level 3.5 Short Blades
 - Level 2.4 Dodging
 + Level 5.9 Stealth
 + Level 5.3 Spellcasting
 + Level 6.2 Hexes


You had 5 spell levels left.
You knew the following spells:

 Your Spells              Type           Power      Damage    Failure   Level
a - Dazzling Flash        Conj/Hex       38%        N/A       9%          3
b - Ensorcelled Hibernat  Hex/Ice        38%        N/A       4%          2
c - Confusing Touch       Hex            33%        N/A       2%          3
d - Tukima's Dance        Hex            33%        N/A       2%          3

Your spell library contained the following spells:

 Spells                   Type           Power      Damage    Failure   Level
 Kiss of Death            Conj/Necr      20%        2d7       10%         1


Dungeon Overview and Level Annotations

Branches:
Dungeon (5/15)
 Temple: D:4-7

Altars:

Shops:
D:1 =*


Message History

You hit the howler monkey.
The howler monkey is almost dead.
The howler monkey hoots and howls with incredible vigour!
You barely miss the howler monkey.
You punch the howler monkey, but do no damage.
The howler monkey is almost dead.
The howler monkey closely misses you.
You hit the howler monkey.
Lightning courses through the howler monkey!!
You kill the howler monkey!
An ogre comes into view. It is wielding a +0 giant club.
The ogre resists with significant effort.
The ogre looks drowsy...
The helpless ogre fails to defend itself.
You impale the ogre!!
The ogre is almost dead.
The ogre hits you with a +0 giant club!!
Ouch! That really hurt!
Casting: Ensorcelled Hibernation (safe; 4% risk of failure)
Confirm with . or Enter, or press ? or * to list all spells.
Aiming: Tukima's Dance (dangerous; 2% risk of failure)
Press: ? - help, Shift-Dir - straight line, f/p - ogre
Aim: an ogre, wielding a +0 giant club (almost dead, chance to affect: 62%)
The ogre resists with significant effort.
Casting: Tukima's Dance (dangerous; 2% risk of failure)
Confirm with . or Enter, or press ? or * to list all spells.
Aiming: Tukima's Dance (dangerous; 2% risk of failure)
Press: ? - help, Shift-Dir - straight line, f/p - ogre
Aim: an ogre, wielding a +0 giant club (almost dead, chance to affect: 62%)
You miscast Tukima's Dance.
You are very lightly contaminated with residual magic.
Nothing appears to happen.
The ogre misses you.
Casting: Tukima's Dance (dangerous; 2% risk of failure)
Confirm with . or Enter, or press ? or * to list all spells.
Aiming: Tukima's Dance (dangerous; 2% risk of failure)
Press: ? - help, Shift-Dir - straight line, f/p - ogre
Aim: an ogre, wielding a +0 giant club (almost dead, chance to affect: 62%)
The ogre resists with significant effort.
The ogre hits you with a +0 giant club!
You die...

##........'...).##.....†..
#........#.....##........
#........#.....######....
#........#.....# #....
#........#.....# #....
#........#.....# #....
#........#...(.# #....
#.......O#.....# #....
##......@....... ..###
#..?##......... #...
#......... #... #.........
#... #......... #...
#......... #... #.........
#......... #........


You could see an ogre.

Vanquished Creatures
  A phantom (D:4)
  A howler monkey (D:4)
  A hound (D:4)
  Jessica (D:2)
  An iguana (D:4)
  Natasha (thrice) (D:3)
  Robin (D:3)
  6 adders
  A worm (D:2)
  3 dart slugs
  3 orcs
  7 bats
  2 endoplasms (D:1)
  3 giant cockroaches
  16 goblins
  9 hobgoblins
  4 quokkas
  9 ball pythons
  4 frilled lizards
  5 kobolds
  7 rats
88 creatures vanquished.

Vanquished Creatures (collateral kills)
  Sigmund (D:2)
  Terence (D:2)
  An orc (D:5)
3 creatures vanquished.

Vanquished Creatures (others)
  2 fungi (D:3)
  3 plants (D:3)
5 creatures vanquished.

Grand Total: 96 creatures vanquished

Notes
Turn   | Place    | Note
-------+----------+-------------------------------------------
     0 | D:1      | mopl the Deep Elf Enchanter began the quest for the Orb.
     0 | D:1      | Reached XP level 1. HP: 10/10 MP: 6/6
    83 | D:1      | Found Kagutueb's General Store.
   271 | D:1      | Reached XP level 2. HP: 8/15 MP: 8/8
   291 | D:1      | Learned a level 2 spell: Ensorcelled Hibernation
   366 | D:1      | Found Cuziuwitz's One-of-a-Kind Rings.
   511 | D:1      | Reached skill level 4 in Stealth
   926 | D:2      | Reached XP level 3. HP: 19/19 MP: 1/10
   998 | D:2      | Learned a level 3 spell: Confusing Touch
  1002 | D:2      | Learned a level 3 spell: Tukima's Dance
  1186 | D:2      | Noticed Terence
  1195 | D:2      | Killed Terence
  1196 | D:2      | Reached skill level 2 in Short Blades
  1203 | D:2      | Reached XP level 4. HP: 24/24 MP: 4/11
  1248 | D:2      | Noticed Jessica
  1256 | D:2      | Killed Jessica
  1399 | D:2      | Reached skill level 4 in Spellcasting
  1464 | D:2      | Reached skill level 1 in Fighting
  1491 | D:2      | Noticed Sigmund
  1507 | D:2      | Killed Sigmund
  1508 | D:2      | Reached skill level 5 in Stealth
  1508 | D:2      | Reached skill level 5 in Hexes
  1508 | D:2      | Reached XP level 5. HP: 29/29 MP: 10/13
  1508 | D:2      | Reached XP level 6. HP: 34/34 MP: 10/14
  1680 | D:2      | Learned a level 3 spell: Dazzling Flash
  1839 | D:3      | You fall into a shaft and drop 2 floors!
  1839 | D:5      | Entered Level 5 of the Dungeon
  1904 | D:3      | Noticed Natasha
  1908 | D:3      | Killed Natasha
  1969 | D:3      | Noticed Natasha
  1979 | D:3      | Killed Natasha
  1980 | D:3      | Reached skill level 3 in Short Blades
  1995 | D:3      | Noticed Robin
  2001 | D:3      | Killed Robin
  2307 | D:3      | Found a faded altar of an unknown god.
  2316 | D:3      | Got Plato's Grimoire of Power
  2633 | D:4      | Reached skill level 2 in Fighting
  2633 | D:4      | Reached skill level 5 in Spellcasting
  2700 | D:4      | Reached skill level 6 in Hexes
  2711 | D:4      | Identified the +4 mace "Vaulese" {protect, rN+ Str+3 Int+4}
  2746 | D:3      | Noticed Natasha
  2749 | D:3      | Killed Natasha
  2750 | D:3      | Reached XP level 7. HP: 40/40 MP: 13/16
  3251 | D:4      | Slain by an ogre

Illustrated notes

Levels and vault maps discovered:
D:1:      evilmike_arrival_rings, layout_basic, serial_shops,
          nicolae_shop_crystal, nicolae_shop_unique_rings
D:2:      layout_basic, serial_park_tiny_pond, uniq_sigmund, uniq_terence,
          uniq_jessica
D:3:      layout_loops_ring, shapermc_ecumenical_altar_rom_forum, uniq_natasha,
          uniq_robin
D:4:      layout_basic
D:5:      layout_cave_pools, minmay_temple_entry_junction,
          minmay_misc_feat_rugged

Skill      XL: |  1  2  3  4  5  6 |
---------------+-------------------+-----
Stealth        | 4 5 |  5.9
Short Blades   | 2 3 |  3.5
Spellcasting   | 4 5 |  5.3
Fighting       | 1 2 |  2.3
Hexes          | 5 6 |  6.2
Dodging        | |  2.4

Action                     |  1- 3 |  4- 6 |  7- 9 || total
---------------------------+-------+-------+-------++-------
  Melee: Dagger            |    88 |   128 |    17 ||   233
         Punch             |     1 |     2 |     1 ||     4
   Cast: Ensorcelled Hiber |    17 |    19 |     4 ||    40
         Tukima's Dance    |     1 |     2 |     2 ||     5
   Stab: Sleeping          |    20 |    22 |     6 ||    48
 Armour: Robe              |    23 |    26 |     1 ||    50
  Dodge: Dodged            |    43 |    53 |    10 ||   106

Table legend: (Time is in decaauts)
 A = Elapsed time spent in this place.
 B = Non-inter-level travel time spent in this place.
 C = Inter-level travel time spent in this place.
 D = Time resting spent in this place.
 E = Time spent auto-exploring this place.
 F = Levels seen in this place.
 G = Mean time per level.
                   A        B        C        D        E       F      G
               +--------+--------+--------+--------+--------+-----+--------+
         Total |   3226 |   3119 |    107 |    222 |   2150 |   5 |  645.2 |
       Dungeon |   3226 |   3119 |    107 |    222 |   2150 |   5 |  645.2 |
               +--------+--------+--------+--------+--------+-----+--------+

Top non-repeatable levels by time:
     D:2: 968 daAuts
     D:1: 812 daAuts
     D:3: 784 daAuts
     D:4: 616 daAuts
     D:5: 44 daAuts
